DETROIT Red Wings vs PITTSBURGH Penguins

Created - 2 avril 2019 at 15:29

Goals
1 2 3 T
DETROIT Red Wings 2 0 1 3
PITTSBURGH Penguins 1 0 1 2
Shots
1 2 3 T
DETROIT Red Wings 13 14 6 33
PITTSBURGH Penguins 9 8 10 27

1st period

1. DETROIT Red Wings , Zach Hyman 12 (Zdeno Chara 41) at 3:05
2. PITTSBURGH Penguins , Jake Guentzel 16 (Nate Schmidt 36, Evgeni Malkin 55) at 7:37
3. DETROIT Red Wings , Sidney Crosby 42 (Evgeny Kuznetsov 49, Zdeno Chara 42) at 15:52

Penalties :
Marc Staal (PIT) for Holding (Minor) at 0:30, Brooks Orpik (PIT) for Slashing (Minor) at 8:44

2nd period

No Goal

Penalties :
Thomas Chabot (PIT) for Holding (Minor) at 10:37

3rd period

4. DETROIT Red Wings , Sidney Crosby 43 (Shayne Gostisbehere 42, T.J. Oshie 37) at 14:07
5. PITTSBURGH Penguins , Patrik Laine 33 (Evgeni Malkin 56) at 18:42

Penalties :
Evgeny Kuznetsov (DET) for Hooking (Minor) at 8:18

Goalie Stats

Carey Price (DET), 25 saves from 27 shots - (0,926), W, 47-19-6, 60:00 minutes
Ondrej Pavelec (PIT), 30 saves from 33 shots - (0,909), L, 7-13-6, 59:01 minutes

Players Stats for DETROIT Red Wings

Player Name              G  A  P  +/- PIM S  H  SB GA TA FO     MP     PP MP  PK MP  
------------------------------------------------------------------------------------
Bryan Rust               0  0  0   1  0   1  0  0  0  0  2/3    12:43   0:00   0:00 
Cam Fowler               0  0  0  -1  0   2  0  4  0  0  0/0    21:24   2:58   0:38 
Derek MacKenzie          0  0  0   0  0   1  0  0  0  0  4/8     4:44   0:00   0:23 
Erik Karlsson            0  0  0   1  0   1  1  0  0  0  0/0    24:22   2:59   0:00 
Evander Kane             0  0  0   0  0   4  1  0  0  0  0/1    18:01   2:39   0:00 
Evgeny Kuznetsov         0  1  1   0  2   3  3  0  0  0  1/1    22:01   3:18   0:00 
Jeff Petry               0  0  0  -1  0   1  5  0  0  0  0/0    20:30   2:58   0:38 
Jordie Benn              0  0  0   1  0   0  3  2  0  0  0/0    15:08   0:00   1:21 
Lars Eller               0  0  0   1  0   1  1  1  0  0  9/16   14:26   0:00   0:49 
Micheal Ferland          0  0  0   0  0   0  1  0  0  0  0/0     4:21   0:00   0:00 
Pierre-Edouard Bellemare 0  0  0   0  0   2  0  0  0  0  0/0     4:21   0:00   0:00 
Rick Nash                0  0  0   0  0   3  0  0  0  0  0/2    18:13   2:39   0:12 
Ryan O'Reilly            0  0  0   0  0   1  0  1  0  0  13/23  20:05   2:39   1:10 
Shayne Gostisbehere      0  1  1   1  0   3  1  1  0  0  0/0    17:55   2:59   0:00 
Sidney Crosby            2  0  2   0  0   5  2  0  0  0  9/29   22:02   3:18   0:00 
T.J. Oshie               0  1  1   0  0   1  3  0  0  0  0/2    22:02   3:18   0:00 
Zach Hyman               1  0  1   1  0   4  1  0  0  0  0/0    15:01   0:00   1:24 
Zdeno Chara              0  2  2   1  0   0  2  2  0  0  0/0    20:41   0:00   1:21 

Players Stats for PITTSBURGH Penguins

Player Name              G  A  P  +/- PIM S  H  SB GA TA FO     MP     PP MP  PK MP  
------------------------------------------------------------------------------------
Alexander Radulov        0  0  0   0  0   3  0  0  0  0  1/1    16:35   0:47   0:00 
Andrew Cogliano          0  0  0   0  0   2  1  1  0  0  4/8    16:41   0:00   4:17 
Brian Boyle              0  0  0   0  0   2  1  0  0  0  9/14   12:24   0:00   0:00 
Brooks Orpik             0  0  0  -1  2   0  1  1  0  0  0/0    26:43   1:12   2:13 
Drew Stafford            0  0  0  -1  0   1  0  0  0  0  0/0     5:50   0:00   0:00 
Dustin Brown             0  0  0   0  0   5  5  0  0  0  2/4    22:13   1:12   4:19 
Evgeni Malkin            0  2  2   0  0   4  2  1  0  0  13/25  20:27   0:47   1:38 
Jake Gardiner            0  0  0  -2  0   0  1  1  0  0  0/0    27:11   1:12   3:15 
Jake Guentzel            1  0  1   0  0   4  2  0  0  0  0/0    17:50   0:42   0:00 
Johan Larsson            0  0  0  -1  0   1  0  0  0  0  9/11    7:03   0:30   0:02 
Jordan Nolan             0  0  0   0  0   0  2  0  0  0  8/19   15:48   0:00   0:00 
Marc Staal               0  0  0   0  2   0  2  1  0  0  0/0    21:08   0:47   1:54 
Nate Schmidt             0  1  1   1  0   0  2  1  0  0  0/0    18:09   0:00   0:11 
Patrik Laine             1  0  1   0  0   3  0  0  0  0  1/2    18:49   0:47   0:00 
Robert Bortuzzo          0  0  0   0  0   0  1  2  0  0  0/0     9:43   0:00   2:42 
Tanner Pearson           0  0  0  -1  0   0  1  0  0  0  0/0     8:40   1:12   1:38 
Thomas Chabot            0  0  0   0  2   0  1  2  0  0  0/0    16:22   0:47   1:39 
Zach Parise              0  0  0   0  0   2  0  0  0  0  0/1    12:24   0:00   0:00 

3 Stars

1 - Sidney Crosby (DET)
2 - Zdeno Chara (DET)
3 - Zach Hyman (DET)

Power Play

DETROIT Red Wings - 0 on 3 Attempt(s) - 0,00%
PITTSBURGH Penguins - 0 on 1 Attempt(s) - 0,00%

Penalty Kill

DETROIT Red Wings - 1 on 1 Attempt(s) - 100,00% - Score 0 goal in Penalty Kill
PITTSBURGH Penguins - 3 on 3 Attempt(s) - 100,00% - Score 0 goal in Penalty Kill

Team Stat

DETROIT Red Wings - Hits : 24 - Faceoff Wins : 38 - Blocked Shots : 11 - Penalty Minutes : 2
PITTSBURGH Penguins - Hits : 22 - Faceoff Wins : 47 - Blocked Shots : 10 - Penalty Minutes : 6

Official

Referees : Unknown
Linesman : Unknown

Game Notes

Robert Bortuzzo is injured at 16:56 of 2nd period (Bruised Left Leg)

Finance

Level 1 -- Attendance: 5260 (87,67%) -- Ticket Income 526 000 $
Level 2 -- Attendance: 4550 (91,00%) -- Ticket Income 273 000 $
Level 3 -- Attendance: 2000 (100,00%) -- Ticket Income 70 000 $
Level 4 -- Attendance: 4000 (100,00%) -- Ticket Income 80 000 $
Luxury Box -- Attendance: 875 (87,50%) -- Ticket Income 175 000 $
Game was played at the Consol Energy Center.
Total Attendance: 16685 (92,69%)
Total Ticket Income: 1 124 000 $
Other Income: 438 360 $
Total Income: 1 562 360 $

DETROIT Red Wings

5 vs 5 Forward 
   Center                   Left Wing                Right Wing               Time % Phy DF OF 
 1 Sidney Crosby            Evgeny Kuznetsov         T.J. Oshie               35     1   1  3  
 2 Ryan O'Reilly            Evander Kane             Rick Nash                30     1   1  3  
 3 Lars Eller               Bryan Rust               Zach Hyman               25     1   2  2  
 4 Derek MacKenzie          Pierre-Edouard Bellemare Micheal Ferland          10     1   2  2  

5 vs 5 Defense 
   Defense                  Defense                                           Time % Phy DF OF 
 1 Erik Karlsson            Zdeno Chara                                       35     1   1  3  
 2 Jeff Petry               Cam Fowler                                        30     1   1  3  
 3 Jordie Benn              Shayne Gostisbehere                               25     1   2  2  
 4 Erik Karlsson            Zdeno Chara                                       10     1   2  2  

PowerPlay Forward 
   Center                   Left Wing                Right Wing               Time % Phy DF OF 
 1 Sidney Crosby            Evgeny Kuznetsov         T.J. Oshie               60     0   1  4  
 2 Ryan O'Reilly            Evander Kane             Rick Nash                40     0   1  4  

PowerPlay Defense
   Defense                  Defense                                           Time % Phy DF OF 
 1 Erik Karlsson            Shayne Gostisbehere                               60     0   1  4  
 2 Jeff Petry               Cam Fowler                                        40     0   1  4  

Penalty Kill 4 Players Forward 
   Center                   Wing                     Time % Phy DF OF 
 1 Ryan O'Reilly            Zach Hyman               60     1   3  1  
 2 Derek MacKenzie          Lars Eller               40     1   3  1  

Penalty Kill 4 Players Defense
   Defense                  Defense                  Time % Phy DF OF 
 1 Zdeno Chara              Jordie Benn              60     1   3  1  
 2 Jeff Petry               Cam Fowler               40     1   3  1  

Penalty Kill - 3 Players Forward 
   Forward                                           Time % Phy DF OF 
 1 Ryan O'Reilly                                     60     1   4  0  
 2 Lars Eller                                        40     1   4  0  

Penalty Kill - 3 Players Defense
   Defense                  Defense                  Time % Phy DF OF 
 1 Zdeno Chara              Jordie Benn              60     1   4  0  
 2 Jeff Petry               Cam Fowler               40     1   4  0  

4 vs 4 Forward 
   Center                   Wing                     Time % Phy DF OF 
 1 Sidney Crosby            Evgeny Kuznetsov         60     1   1  3  
 2 Ryan O'Reilly            Evander Kane             40     1   1  3  

4 vs 4 Defense
   Defense                  Defense                  Time % Phy DF OF 
 1 Erik Karlsson            Zdeno Chara              60     1   2  2  
 2 Jeff Petry               Cam Fowler               40     1   2  2  

Last Minutes Offensive
   Center                   Left Wing                Right Wing               Defense                  Defense                  
   Sidney Crosby            Evgeny Kuznetsov         T.J. Oshie               Erik Karlsson            Cam Fowler               

Last Minutes Defensive
   Center                   Left Wing                Right Wing               Defense                  Defense                  
   Ryan O'Reilly            Lars Eller               Zach Hyman               Erik Karlsson            Cam Fowler               

Goaltenders
Starting : Carey Price              
Backup : Aaron Dell               

Extra Forwards
Normal : Micheal Ferland, Zach Hyman, Lars Eller - PP : Bryan Rust, Zach Hyman - PK : Lars Eller
Extra Defensemen
Normal : Jeff Petry, Shayne Gostisbehere, Erik Karlsson - PP : Shayne Gostisbehere - PK : Jeff Petry, Erik Karlsson
Penalty Shots
Sidney Crosby, Lars Eller, T.J. Oshie, Evander Kane, Evgeny Kuznetsov

PITTSBURGH Penguins

5 vs 5 Forward 
   Center                   Left Wing                Right Wing               Time % Phy DF OF 
 1 Evgeni Malkin            Jake Guentzel            Patrik Laine             33     1   2  2  
 2 Jordan Nolan             Dustin Brown             Alexander Radulov        30     1   2  2  
 3 Brian Boyle              Zach Parise              Andrew Cogliano          24     1   2  2  
 4 Johan Larsson            Tanner Pearson           Drew Stafford            13     1   2  2  

5 vs 5 Defense 
   Defense                  Defense                                           Time % Phy DF OF 
 1 Brooks Orpik             Jake Gardiner                                     40     1   2  2  
 2 Marc Staal               Nate Schmidt                                      30     1   2  2  
 3 Robert Bortuzzo          Thomas Chabot                                     20     1   2  2  
 4 Brooks Orpik             Jake Gardiner                                     10     1   2  2  

PowerPlay Forward 
   Center                   Left Wing                Right Wing               Time % Phy DF OF 
 1 Evgeni Malkin            Patrik Laine             Alexander Radulov        60     1   2  2  
 2 Jake Guentzel            Tanner Pearson           Dustin Brown             40     1   2  2  

PowerPlay Defense
   Defense                  Defense                                           Time % Phy DF OF 
 1 Brooks Orpik             Jake Gardiner                                     60     1   2  2  
 2 Marc Staal               Thomas Chabot                                     40     1   2  2  

Penalty Kill 4 Players Forward 
   Center                   Wing                     Time % Phy DF OF 
 1 Andrew Cogliano          Dustin Brown             60     1   2  2  
 2 Evgeni Malkin            Tanner Pearson           40     1   2  2  

Penalty Kill 4 Players Defense
   Defense                  Defense                  Time % Phy DF OF 
 1 Brooks Orpik             Jake Gardiner            60     1   2  2  
 2 Marc Staal               Robert Bortuzzo          40     1   2  2  

Penalty Kill - 3 Players Forward 
   Forward                                           Time % Phy DF OF 
 1 Evgeni Malkin                                     60     1   2  2  
 2 Dustin Brown                                      40     1   2  2  

Penalty Kill - 3 Players Defense
   Defense                  Defense                  Time % Phy DF OF 
 1 Brooks Orpik             Jake Gardiner            60     1   2  2  
 2 Marc Staal               Robert Bortuzzo          40     1   2  2  

4 vs 4 Forward 
   Center                   Wing                     Time % Phy DF OF 
 1 Evgeni Malkin            Patrik Laine             60     1   2  2  
 2 Andrew Cogliano          Alexander Radulov        40     1   2  2  

4 vs 4 Defense
   Defense                  Defense                  Time % Phy DF OF 
 1 Brooks Orpik             Jake Gardiner            60     1   2  2  
 2 Marc Staal               Robert Bortuzzo          40     1   2  2  

Last Minutes Offensive
   Center                   Left Wing                Right Wing               Defense                  Defense                  
   Evgeni Malkin            Patrik Laine             Dustin Brown             Brooks Orpik             Jake Gardiner            

Last Minutes Defensive
   Center                   Left Wing                Right Wing               Defense                  Defense                  
   Evgeni Malkin            Zach Parise              Dustin Brown             Brooks Orpik             Jake Gardiner            

Goaltenders
Starting : Ondrej Pavelec           
Backup : Devan Dubnyk             

Extra Forwards
Normal : Jake Guentzel, Tanner Pearson, Patrik Laine - PP : Jake Guentzel, Tanner Pearson - PK : Dustin Brown
Extra Defensemen
Normal : Robert Bortuzzo, Thomas Chabot, Marc Staal - PP : Robert Bortuzzo - PK : Thomas Chabot, Marc Staal
Penalty Shots
Evgeni Malkin, Patrik Laine, Dustin Brown, Alexander Radulov, Tanner Pearson


% Time on Ice - DETROIT Red Wings

Lines # - Real PCT - Wanted PCT - Time Play
Normal Forward
1 - 37% - 35% - 18:44
2 - 30% - 30% - 15:22
3 - 25% - 25% - 12:43
4 - 9% - 10% - 4:21
Normal Defense
1 - 34% - 35% - 17:23
2 - 33% - 30% - 16:54
3 - 27% - 25% - 13:47
4 - 6% - 10% - 3:06
PP Forward
1 - 55% - 60% - 3:18
2 - 45% - 40% - 2:39
PP Defense
1 - 50% - 60% - 2:59
2 - 50% - 40% - 2:58
PK Forward
1 - 81% - 60% - 1:36
2 - 19% - 40% - 0:23
PK Defense
1 - 68% - 60% - 1:21
2 - 32% - 40% - 0:38
PK3 Forward
1 - 0% - 60%
2 - 0% - 40%
PK3 Defense
1 - 0% - 60%
2 - 0% - 40%
44 Forward
1 - 0% - 60%
2 - 0% - 40%
44 Defense
1 - 0% - 60%
2 - 0% - 40%
Last Minute Offensive  - 0:00
Last Minute Defensive  - 0:54
Total
Forward - 60:00
Defense - 60:00

% Time on Ice - PITTSBURGH Penguins

Lines # - Real PCT - Wanted PCT - Time Play
Normal Forward
1 - 33% - 33% - 17:08
2 - 31% - 30% - 15:48
3 - 24% - 24% - 12:24
4 - 11% - 13% - 5:50
Normal Defense
1 - 37% - 40% - 18:57
2 - 29% - 30% - 14:49
3 - 29% - 20% - 14:44
4 - 5% - 10% - 2:40
PP Forward
1 - 39% - 60% - 0:47
2 - 61% - 40% - 1:12
PP Defense
1 - 61% - 60% - 1:12
2 - 39% - 40% - 0:47
PK Forward
1 - 73% - 60% - 4:19
2 - 27% - 40% - 1:38
PK Defense
1 - 55% - 60% - 3:15
2 - 45% - 40% - 2:42
PK3 Forward
1 - 0% - 60%
2 - 0% - 40%
PK3 Defense
1 - 0% - 60%
2 - 0% - 40%
44 Forward
1 - 0% - 60%
2 - 0% - 40%
44 Defense
1 - 0% - 60%
2 - 0% - 40%
Last Minute Offensive  - 0:54
Last Minute Defensive  - 0:00
Total
Forward - 60:00
Defense - 60:00

Play-by-Play

1st period


0:01 of 1st period - Evgeni Malkin wins face-off versus Sidney Crosby in neutral zone.
0:04 of 1st period - Shot by Patrik Laine.
0:04 of 1st period - Deflect By Evgeni Malkin.
0:04 of 1st period - Stopped by Carey Price without a rebound.
0:05 of 1st period - Ryan O'Reilly wins face-off versus Jordan Nolan in DETROIT Red Wings zone.
0:05 of 1st period - Ryan O'Reilly is hit by Dustin Brown.
0:13 of 1st period - Shot by Rick Nash.
0:13 of 1st period - Stopped by Ondrej Pavelec with a rebound.
0:18 of 1st period - Rick Nash is hit by Nate Schmidt and loses puck.
0:30 of 1st period - Minor Penalty to Marc Staal for Holding.
0:31 of 1st period - Andrew Cogliano wins face-off versus Sidney Crosby in PITTSBURGH Penguins zone.
0:31 of 1st period - Andrew Cogliano is hit by T.J. Oshie.
0:38 of 1st period - Icing by Shayne Gostisbehere.
0:39 of 1st period - Sidney Crosby wins face-off versus Evgeni Malkin in DETROIT Red Wings zone.
0:39 of 1st period - Sidney Crosby is hit by Tanner Pearson.
0:45 of 1st period - Shot by Sidney Crosby.
0:45 of 1st period - Shot Misses the Net.
0:47 of 1st period - Shot by Sidney Crosby.
0:47 of 1st period - Shot Blocked by Brooks Orpik.
0:49 of 1st period - Shot by Erik Karlsson.
0:49 of 1st period - Shot Hit the Post.
1:51 of 1st period - Icing by Ryan O'Reilly.
1:52 of 1st period - Andrew Cogliano wins face-off versus Ryan O'Reilly in DETROIT Red Wings zone.
2:23 of 1st period - Shot by Cam Fowler.
2:23 of 1st period - Shot Blocked by Thomas Chabot.
2:30 of 1st period - Icing by Evander Kane.
2:31 of 1st period - Lars Eller wins face-off versus Evgeni Malkin in DETROIT Red Wings zone.
2:39 of 1st period - Erik Karlsson is hit by Brooks Orpik.
3:05 of 1st period - Shot by Zach Hyman.
3:05 of 1st period - Goal by Zach Hyman - DETROIT Red Wings : 1 - PITTSBURGH Penguins : 0.
3:06 of 1st period - Johan Larsson wins face-off versus Sidney Crosby in neutral zone.
3:32 of 1st period - Shot by T.J. Oshie.
3:32 of 1st period - Shot Misses the Net.
3:34 of 1st period - Shot by Shayne Gostisbehere.
3:34 of 1st period - Stopped by Ondrej Pavelec with a rebound.
4:37 of 1st period - Shot by Evander Kane.
4:37 of 1st period - Shot Misses the Net.
4:42 of 1st period - Off-side.
4:43 of 1st period - Jordan Nolan wins face-off versus Lars Eller in neutral zone.
4:46 of 1st period - Shot by Alexander Radulov.
4:46 of 1st period - Stopped by Carey Price with a rebound.
5:02 of 1st period - Shot by Zach Hyman.
5:02 of 1st period - Stopped by Ondrej Pavelec without a rebound.
5:03 of 1st period - Evgeni Malkin wins face-off versus Derek MacKenzie in PITTSBURGH Penguins zone.
5:09 of 1st period - Shot by Pierre-Edouard Bellemare.
5:09 of 1st period - Stopped by Ondrej Pavelec without a rebound.
5:10 of 1st period - Andrew Cogliano wins face-off versus Ryan O'Reilly in PITTSBURGH Penguins zone.
6:32 of 1st period - Shot by Sidney Crosby.
6:32 of 1st period - Stopped by Ondrej Pavelec without a rebound.
6:33 of 1st period - Lars Eller wins face-off versus Jordan Nolan in PITTSBURGH Penguins zone.
6:33 of 1st period - Lars Eller is hit by Thomas Chabot.
7:11 of 1st period - Shot by Zach Hyman.
7:11 of 1st period - Shot Misses the Net.
7:35 of 1st period - Shot by Nate Schmidt.
7:35 of 1st period - Shot Blocked by Cam Fowler.
7:37 of 1st period - Shot by Jake Guentzel.
7:37 of 1st period - Goal by Jake Guentzel - DETROIT Red Wings : 1 - PITTSBURGH Penguins : 1.
7:38 of 1st period - Derek MacKenzie wins face-off versus Evgeni Malkin in neutral zone.
8:00 of 1st period - Evgeni Malkin is hit by Zdeno Chara and loses puck.
8:44 of 1st period - Minor Penalty to Brooks Orpik for Slashing.
8:45 of 1st period - Andrew Cogliano wins face-off versus Ryan O'Reilly in PITTSBURGH Penguins zone.
9:12 of 1st period - Shot by Evander Kane.
9:12 of 1st period - Shot Misses the Net.
9:16 of 1st period - Shot by Rick Nash.
9:16 of 1st period - Shot Misses the Net.
9:18 of 1st period - Shot by Evander Kane.
9:18 of 1st period - Stopped by Ondrej Pavelec without a rebound.
9:19 of 1st period - Sidney Crosby wins face-off versus Andrew Cogliano in PITTSBURGH Penguins zone.
9:41 of 1st period - Erik Karlsson is hit by Evgeni Malkin and loses puck.
9:47 of 1st period - Off-side.
9:48 of 1st period - Evgeni Malkin wins face-off versus Rick Nash in neutral zone.
10:11 of 1st period - Shot by Dustin Brown.
10:11 of 1st period - Shot Blocked by Cam Fowler.
10:44 of 1st period - Icing by Erik Karlsson.
10:45 of 1st period - Lars Eller wins face-off versus Evgeni Malkin in DETROIT Red Wings zone.
10:53 of 1st period - Evgeni Malkin is hit by Erik Karlsson and loses puck.
11:04 of 1st period - Shot by Jake Guentzel.
11:04 of 1st period - Shot Misses the Net.
11:18 of 1st period - Shot by Patrik Laine.
11:18 of 1st period - Shot Misses the Net.
11:20 of 1st period - Shot by Jake Gardiner.
11:20 of 1st period - Deflect By Jake Guentzel.
11:20 of 1st period - Stopped by Carey Price without a rebound.
11:21 of 1st period - Johan Larsson wins face-off versus Sidney Crosby in DETROIT Red Wings zone.
11:41 of 1st period - Icing by Thomas Chabot.
11:42 of 1st period - Johan Larsson wins face-off versus Evander Kane in PITTSBURGH Penguins zone.
11:46 of 1st period - Tanner Pearson is hit by Jeff Petry and loses puck.
11:52 of 1st period - Icing by Rick Nash.
11:53 of 1st period - Jordan Nolan wins face-off versus Ryan O'Reilly in DETROIT Red Wings zone.
11:57 of 1st period - Alexander Radulov is hit by Jeff Petry and loses puck.
12:12 of 1st period - Shot by Ryan O'Reilly.
12:12 of 1st period - Stopped by Ondrej Pavelec without a rebound.
12:13 of 1st period - Sidney Crosby wins face-off versus Evgeni Malkin in PITTSBURGH Penguins zone.
12:13 of 1st period - Zdeno Chara is hit by Nate Schmidt and loses puck.
12:20 of 1st period - Shot by Evgeni Malkin.
12:20 of 1st period - Shot Misses the Net.
12:26 of 1st period - Shot by Evgeni Malkin.
12:26 of 1st period - Stopped by Carey Price without a rebound.
12:27 of 1st period - Ryan O'Reilly wins face-off versus Jordan Nolan in DETROIT Red Wings zone.
12:37 of 1st period - Jake Gardiner is hit by Jeff Petry and loses puck.
13:08 of 1st period - Shot by Evander Kane.
13:08 of 1st period - Shot Misses the Net.
13:19 of 1st period - Icing by Brooks Orpik.
13:20 of 1st period - Sidney Crosby wins face-off versus Jordan Nolan in PITTSBURGH Penguins zone.
13:24 of 1st period - Icing by Dustin Brown.
13:25 of 1st period - Sidney Crosby wins face-off versus Jordan Nolan in PITTSBURGH Penguins zone.
13:56 of 1st period - Shot by Sidney Crosby.
13:56 of 1st period - Stopped by Ondrej Pavelec with a rebound.
14:26 of 1st period - Shot by Patrik Laine.
14:26 of 1st period - Stopped by Carey Price without a rebound.
14:27 of 1st period - Ryan O'Reilly wins face-off versus Brian Boyle in DETROIT Red Wings zone.
14:56 of 1st period - Shot by Ryan O'Reilly.
14:56 of 1st period - Shot Blocked by Thomas Chabot.
15:08 of 1st period - Shot by Brian Boyle.
15:08 of 1st period - Stopped by Carey Price without a rebound.
15:09 of 1st period - Evgeni Malkin wins face-off versus Lars Eller in DETROIT Red Wings zone.
15:20 of 1st period - Shot by Bryan Rust.
15:20 of 1st period - Stopped by Ondrej Pavelec without a rebound.
15:21 of 1st period - Johan Larsson wins face-off versus Sidney Crosby in PITTSBURGH Penguins zone.
15:52 of 1st period - Shot by Sidney Crosby.
15:52 of 1st period - Goal by Sidney Crosby - DETROIT Red Wings : 2 - PITTSBURGH Penguins : 1.
15:53 of 1st period - Evgeni Malkin wins face-off versus Lars Eller in neutral zone.
15:59 of 1st period - Off-side.
16:00 of 1st period - Evgeni Malkin wins face-off versus Lars Eller in neutral zone.
16:13 of 1st period - Shot by Jordie Benn.
16:13 of 1st period - Shot Misses the Net.
16:38 of 1st period - Off-side.
16:39 of 1st period - Brian Boyle wins face-off versus Sidney Crosby in neutral zone.
16:43 of 1st period - Andrew Cogliano is hit by Zdeno Chara and loses puck.
17:05 of 1st period - Zach Parise is hit by Evgeny Kuznetsov and loses puck.
17:12 of 1st period - T.J. Oshie is hit by Brian Boyle and loses puck.
17:17 of 1st period - Shot by Andrew Cogliano.
17:17 of 1st period - Shot Misses the Net.
17:19 of 1st period - Shot by Andrew Cogliano.
17:19 of 1st period - Shot Blocked by Zdeno Chara.
17:21 of 1st period - Shot by Brian Boyle.
17:21 of 1st period - Stopped by Carey Price without a rebound.
17:22 of 1st period - Ryan O'Reilly wins face-off versus Jordan Nolan in DETROIT Red Wings zone.
17:58 of 1st period - Shot by Dustin Brown.
17:58 of 1st period - Stopped by Carey Price without a rebound.
17:59 of 1st period - Lars Eller wins face-off versus Evgeni Malkin in DETROIT Red Wings zone.
18:10 of 1st period - Shot by Patrik Laine.
18:10 of 1st period - Shot Blocked by Shayne Gostisbehere.
18:27 of 1st period - Icing by Thomas Chabot.
18:28 of 1st period - Patrik Laine wins face-off versus Sidney Crosby in PITTSBURGH Penguins zone.
18:32 of 1st period - Off-side.
18:33 of 1st period - Brian Boyle wins face-off versus Sidney Crosby in neutral zone.
19:35 of 1st period - Shot by Evander Kane.
19:35 of 1st period - Shot Misses the Net.
19:37 of 1st period - Shot by Cam Fowler.
19:37 of 1st period - Stopped by Ondrej Pavelec with a rebound.
19:39 of 1st period - Shot by Evander Kane.
19:39 of 1st period - Stopped by Ondrej Pavelec without a rebound.
19:40 of 1st period - Derek MacKenzie wins face-off versus Patrik Laine in PITTSBURGH Penguins zone.
19:51 of 1st period - Shot by Pierre-Edouard Bellemare.
19:51 of 1st period - Shot Misses the Net.
19:53 of 1st period - Shot by Pierre-Edouard Bellemare.
19:53 of 1st period - Shot Misses the Net.
Goals for this period are 2 for DETROIT Red Wings vs 1 for PITTSBURGH Penguins.
Shots for this period are 13 for DETROIT Red Wings vs 9 for PITTSBURGH Penguins.

2nd period


0:01 of 2nd period - Ryan O'Reilly wins face-off versus Jordan Nolan in neutral zone.
0:01 of 2nd period - Evander Kane is hit by Dustin Brown and loses puck.
0:10 of 2nd period - Shot by Evander Kane.
0:10 of 2nd period - Shot Misses the Net.
0:12 of 2nd period - Shot by Erik Karlsson.
0:12 of 2nd period - Shot Misses the Net.
0:22 of 2nd period - Evander Kane is hit by Dustin Brown and loses puck.
0:28 of 2nd period - Off-side.
0:29 of 2nd period - Lars Eller wins face-off versus Evgeni Malkin in neutral zone.
0:29 of 2nd period - Cam Fowler is hit by Evgeni Malkin and loses puck.
0:39 of 2nd period - Zach Hyman is hit by Marc Staal and loses puck.
0:54 of 2nd period - Shot by Lars Eller.
0:54 of 2nd period - Stopped by Ondrej Pavelec without a rebound.
0:55 of 2nd period - Jordan Nolan wins face-off versus Sidney Crosby in PITTSBURGH Penguins zone.
1:02 of 2nd period - Shot by Sidney Crosby.
1:02 of 2nd period - Stopped by Ondrej Pavelec without a rebound.
1:03 of 2nd period - Jordan Nolan wins face-off versus Sidney Crosby in PITTSBURGH Penguins zone.
1:46 of 2nd period - Shot by Sidney Crosby.
1:46 of 2nd period - Deflect By Evgeny Kuznetsov.
1:46 of 2nd period - Stopped by Ondrej Pavelec without a rebound.
1:47 of 2nd period - Evgeni Malkin wins face-off versus Ryan O'Reilly in PITTSBURGH Penguins zone.
1:47 of 2nd period - Patrik Laine is hit by Evander Kane and loses puck.
2:01 of 2nd period - Shot by Evgeni Malkin.
2:01 of 2nd period - Shot Misses the Net.
2:03 of 2nd period - Shot by Robert Bortuzzo.
2:03 of 2nd period - Shot Misses the Net.
2:21 of 2nd period - Shot by Patrik Laine.
2:21 of 2nd period - Shot Blocked by Jordie Benn.
2:23 of 2nd period - Shot by Patrik Laine.
2:23 of 2nd period - Stopped by Carey Price without a rebound.
2:24 of 2nd period - Bryan Rust wins face-off versus Zach Parise in DETROIT Red Wings zone.
3:30 of 2nd period - Icing by Jake Gardiner.
3:31 of 2nd period - Sidney Crosby wins face-off versus Jordan Nolan in PITTSBURGH Penguins zone.
3:58 of 2nd period - Shot by T.J. Oshie.
3:58 of 2nd period - Stopped by Ondrej Pavelec with a rebound.
4:42 of 2nd period - Shot by Rick Nash.
4:42 of 2nd period - Stopped by Ondrej Pavelec without a rebound.
4:43 of 2nd period - Derek MacKenzie wins face-off versus Brian Boyle in PITTSBURGH Penguins zone.
4:43 of 2nd period - Derek MacKenzie is hit by Marc Staal.
5:26 of 2nd period - Andrew Cogliano is hit by Jeff Petry and loses puck.
5:55 of 2nd period - Shot by Jake Guentzel.
5:55 of 2nd period - Stopped by Carey Price without a rebound.
5:56 of 2nd period - Johan Larsson wins face-off versus Sidney Crosby in DETROIT Red Wings zone.
6:06 of 2nd period - Icing by Erik Karlsson.
6:07 of 2nd period - Evgeni Malkin wins face-off versus Sidney Crosby in DETROIT Red Wings zone.
6:50 of 2nd period - Zdeno Chara is hit by Jake Guentzel and loses puck.
7:08 of 2nd period - Thomas Chabot is hit by Jordie Benn and loses puck.
7:23 of 2nd period - Dustin Brown is hit by Jordie Benn.
7:36 of 2nd period - Shot by Evander Kane.
7:36 of 2nd period - Stopped by Ondrej Pavelec without a rebound.
7:37 of 2nd period - Bryan Rust wins face-off versus Johan Larsson in PITTSBURGH Penguins zone.
7:47 of 2nd period - Icing by Nate Schmidt.
7:48 of 2nd period - Johan Larsson wins face-off versus Derek MacKenzie in PITTSBURGH Penguins zone.
7:48 of 2nd period - Johan Larsson is hit by Micheal Ferland.
7:58 of 2nd period - Shot by Pierre-Edouard Bellemare.
7:58 of 2nd period - Stopped by Ondrej Pavelec without a rebound.
7:59 of 2nd period - Lars Eller wins face-off versus Evgeni Malkin in PITTSBURGH Penguins zone.
7:59 of 2nd period - Erik Karlsson is hit by Jake Gardiner and loses puck.
8:12 of 2nd period - Shot by Zach Hyman.
8:12 of 2nd period - Stopped by Ondrej Pavelec with a rebound.
8:30 of 2nd period - Shot by Evgeni Malkin.
8:30 of 2nd period - Shot Misses the Net.
9:10 of 2nd period - Icing by Evgeni Malkin.
9:11 of 2nd period - Evgeni Malkin wins face-off versus T.J. Oshie in PITTSBURGH Penguins zone.
9:11 of 2nd period - Evgeni Malkin is hit by Sidney Crosby.
9:48 of 2nd period - Shot by Dustin Brown.
9:48 of 2nd period - Stopped by Carey Price without a rebound.
9:49 of 2nd period - Brian Boyle wins face-off versus Ryan O'Reilly in DETROIT Red Wings zone.
9:53 of 2nd period - Icing by Shayne Gostisbehere.
9:54 of 2nd period - Ryan O'Reilly wins face-off versus Brian Boyle in DETROIT Red Wings zone.
10:13 of 2nd period - Ryan O'Reilly is hit by Andrew Cogliano and loses puck.
10:35 of 2nd period - Evander Kane is hit by Robert Bortuzzo and loses puck.
10:37 of 2nd period - Minor Penalty to Thomas Chabot for Holding.
10:38 of 2nd period - Sidney Crosby wins face-off versus Andrew Cogliano in PITTSBURGH Penguins zone.
10:45 of 2nd period - Shot by T.J. Oshie.
10:45 of 2nd period - Shot Misses the Net.
10:59 of 2nd period - Shot by Sidney Crosby.
10:59 of 2nd period - Deflect By Evgeny Kuznetsov.
10:59 of 2nd period - Shot Blocked by Robert Bortuzzo.
11:11 of 2nd period - Andrew Cogliano is hit by T.J. Oshie and loses puck.
11:48 of 2nd period - Shot by Evander Kane.
11:48 of 2nd period - Shot Blocked by Marc Staal.
11:50 of 2nd period - Shot by Erik Karlsson.
11:50 of 2nd period - Shot Blocked by Evgeni Malkin.
11:52 of 2nd period - Shot by Erik Karlsson.
11:52 of 2nd period - Stopped by Ondrej Pavelec without a rebound.
11:53 of 2nd period - Ryan O'Reilly wins face-off versus Johan Larsson in PITTSBURGH Penguins zone.
11:54 of 2nd period - Shot by Shayne Gostisbehere.
11:54 of 2nd period - Stopped by Ondrej Pavelec without a rebound.
11:55 of 2nd period - Ryan O'Reilly wins face-off versus Andrew Cogliano in PITTSBURGH Penguins zone.
12:00 of 2nd period - Shot by Shayne Gostisbehere.
12:00 of 2nd period - Stopped by Ondrej Pavelec without a rebound.
12:01 of 2nd period - Evgeny Kuznetsov wins face-off versus Andrew Cogliano in PITTSBURGH Penguins zone.
12:50 of 2nd period - Shot by Ryan O'Reilly.
12:50 of 2nd period - Shot Misses the Net.
12:52 of 2nd period - Shot by Ryan O'Reilly.
12:52 of 2nd period - Shot Blocked by Nate Schmidt.
12:54 of 2nd period - Shot by Cam Fowler.
12:54 of 2nd period - Stopped by Ondrej Pavelec without a rebound.
12:55 of 2nd period - Johan Larsson wins face-off versus Lars Eller in PITTSBURGH Penguins zone.
13:03 of 2nd period - Tanner Pearson is hit by Zach Hyman and loses puck.
14:00 of 2nd period - Shot by Ryan O'Reilly.
14:00 of 2nd period - Shot Blocked by Jake Gardiner.
14:10 of 2nd period - Shot by Patrik Laine.
14:10 of 2nd period - Shot Blocked by Cam Fowler.
14:29 of 2nd period - Shot by Jake Guentzel.
14:29 of 2nd period - Stopped by Carey Price without a rebound.
14:30 of 2nd period - Jordan Nolan wins face-off versus T.J. Oshie in DETROIT Red Wings zone.
14:44 of 2nd period - Shot by Dustin Brown.
14:44 of 2nd period - Shot Misses the Net.
14:46 of 2nd period - Shot by Marc Staal.
14:46 of 2nd period - Shot Misses the Net.
14:54 of 2nd period - Shot by Nate Schmidt.
14:54 of 2nd period - Shot Misses the Net.
14:56 of 2nd period - Shot by Alexander Radulov.
14:56 of 2nd period - Stopped by Carey Price without a rebound.
14:57 of 2nd period - Brian Boyle wins face-off versus Lars Eller in DETROIT Red Wings zone.
15:08 of 2nd period - Shot by Zach Parise.
15:08 of 2nd period - Shot Misses the Net.
15:16 of 2nd period - Shot by Andrew Cogliano.
15:16 of 2nd period - Stopped by Carey Price without a rebound.
15:17 of 2nd period - Evgeni Malkin wins face-off versus Sidney Crosby in DETROIT Red Wings zone.
15:17 of 2nd period - Evgeni Malkin is hit by Jordie Benn.
15:46 of 2nd period - Nate Schmidt is hit by Evgeny Kuznetsov and loses puck.
16:21 of 2nd period - Off-side.
16:22 of 2nd period - Jordan Nolan wins face-off versus Derek MacKenzie in neutral zone.
16:44 of 2nd period - Shot by Dustin Brown.
16:44 of 2nd period - Stopped by Carey Price without a rebound.
16:45 of 2nd period - Ryan O'Reilly wins face-off versus Brian Boyle in DETROIT Red Wings zone.
16:54 of 2nd period - Shot by Ryan O'Reilly.
16:54 of 2nd period - Deflect By Evander Kane.
16:54 of 2nd period - Shot Blocked by Andrew Cogliano.
16:56 of 2nd period - Shot by Rick Nash.
16:56 of 2nd period - Shot Blocked by Robert Bortuzzo.
16:56 of 2nd period - Robert Bortuzzo from PITTSBURGH Penguins is injured at 16:56 of 2nd period (Bruised Left Leg).
16:57 of 2nd period - Sidney Crosby wins face-off versus Dustin Brown in PITTSBURGH Penguins zone.
17:19 of 2nd period - Alexander Radulov is hit by Jeff Petry and loses puck.
17:30 of 2nd period - Shot by Jeff Petry.
17:30 of 2nd period - Stopped by Ondrej Pavelec without a rebound.
17:31 of 2nd period - Brian Boyle wins face-off versus Bryan Rust in PITTSBURGH Penguins zone.
17:58 of 2nd period - Shot by Lars Eller.
17:58 of 2nd period - Shot Misses the Net.
18:00 of 2nd period - Shot by Zdeno Chara.
18:00 of 2nd period - Shot Misses the Net.
18:14 of 2nd period - Shot by Zach Hyman.
18:14 of 2nd period - Stopped by Ondrej Pavelec without a rebound.
18:15 of 2nd period - Alexander Radulov wins face-off versus Sidney Crosby in PITTSBURGH Penguins zone.
18:54 of 2nd period - Shot by Dustin Brown.
18:54 of 2nd period - Shot Blocked by Jordie Benn.
18:58 of 2nd period - Shot by Jake Gardiner.
18:58 of 2nd period - Shot Misses the Net.
19:20 of 2nd period - Shot by Evgeni Malkin.
19:20 of 2nd period - Stopped by Carey Price with a rebound.
19:22 of 2nd period - Shot by Marc Staal.
19:22 of 2nd period - Shot Misses the Net.
Goals for this period are 0 for DETROIT Red Wings vs 0 for PITTSBURGH Penguins.
Shots for this period are 14 for DETROIT Red Wings vs 8 for PITTSBURGH Penguins.

3rd period


0:01 of 3rd period - Jordan Nolan wins face-off versus Sidney Crosby in neutral zone.
0:34 of 3rd period - Shot by Evgeny Kuznetsov.
0:34 of 3rd period - Stopped by Ondrej Pavelec with a rebound.
0:36 of 3rd period - Shot by Erik Karlsson.
0:36 of 3rd period - Shot Misses the Net.
1:14 of 3rd period - Shot by Evander Kane.
1:14 of 3rd period - Stopped by Ondrej Pavelec without a rebound.
1:15 of 3rd period - Lars Eller wins face-off versus Evgeni Malkin in PITTSBURGH Penguins zone.
1:26 of 3rd period - Lars Eller is hit by Jake Guentzel.
2:36 of 3rd period - Shot by Zach Parise.
2:36 of 3rd period - Stopped by Carey Price without a rebound.
2:37 of 3rd period - Johan Larsson wins face-off versus Ryan O'Reilly in DETROIT Red Wings zone.
3:05 of 3rd period - Shot by Tanner Pearson.
3:05 of 3rd period - Shot Blocked by Ryan O'Reilly.
3:07 of 3rd period - Shot by Drew Stafford.
3:07 of 3rd period - Stopped by Carey Price without a rebound.
3:08 of 3rd period - Sidney Crosby wins face-off versus Evgeni Malkin in DETROIT Red Wings zone.
4:06 of 3rd period - Off-side.
4:07 of 3rd period - Derek MacKenzie wins face-off versus Brian Boyle in neutral zone.
4:14 of 3rd period - Shot by Pierre-Edouard Bellemare.
4:14 of 3rd period - Deflect By Micheal Ferland.
4:14 of 3rd period - Shot Misses the Net.
5:54 of 3rd period - Off-side.
5:55 of 3rd period - Evgeni Malkin wins face-off versus Sidney Crosby in neutral zone.
6:36 of 3rd period - Shot by Zach Parise.
6:36 of 3rd period - Shot Misses the Net.
6:38 of 3rd period - Shot by Zach Parise.
6:38 of 3rd period - Shot Blocked by Cam Fowler.
6:40 of 3rd period - Shot by Andrew Cogliano.
6:40 of 3rd period - Stopped by Carey Price without a rebound.
6:41 of 3rd period - Lars Eller wins face-off versus Jordan Nolan in DETROIT Red Wings zone.
6:41 of 3rd period - Lars Eller is hit by Jordan Nolan.
6:47 of 3rd period - Marc Staal is hit by Lars Eller and loses puck.
6:58 of 3rd period - Shot by Alexander Radulov.
6:58 of 3rd period - Shot Blocked by Zdeno Chara.
7:00 of 3rd period - Shot by Alexander Radulov.
7:00 of 3rd period - Stopped by Carey Price without a rebound.
7:01 of 3rd period - Brian Boyle wins face-off versus Rick Nash in DETROIT Red Wings zone.
7:08 of 3rd period - Shot by Zach Parise.
7:08 of 3rd period - Stopped by Carey Price without a rebound.
7:09 of 3rd period - Lars Eller wins face-off versus Jordan Nolan in DETROIT Red Wings zone.
7:09 of 3rd period - Lars Eller is hit by Dustin Brown.
7:17 of 3rd period - Erik Karlsson is hit by Jordan Nolan and loses puck.
7:29 of 3rd period - Off-side.
7:30 of 3rd period - Evgeni Malkin wins face-off versus Sidney Crosby in neutral zone.
7:30 of 3rd period - Evgeni Malkin is hit by Sidney Crosby.
8:18 of 3rd period - Minor Penalty to Evgeny Kuznetsov for Hooking.
8:19 of 3rd period - Ryan O'Reilly wins face-off versus Dustin Brown in DETROIT Red Wings zone.
10:19 of 3rd period - Shot by Dustin Brown.
10:19 of 3rd period - Shot Misses the Net.
10:21 of 3rd period - Shot by Brian Boyle.
10:21 of 3rd period - Shot Misses the Net.
10:25 of 3rd period - Shot by Zach Parise.
10:25 of 3rd period - Shot Misses the Net.
10:32 of 3rd period - Icing by Evgeny Kuznetsov.
10:33 of 3rd period - Brian Boyle wins face-off versus Sidney Crosby in DETROIT Red Wings zone.
10:58 of 3rd period - Andrew Cogliano is hit by T.J. Oshie and loses puck.
11:21 of 3rd period - Alexander Radulov is hit by Shayne Gostisbehere and loses puck.
11:26 of 3rd period - Shot by Dustin Brown.
11:26 of 3rd period - Stopped by Carey Price without a rebound.
11:27 of 3rd period - Johan Larsson wins face-off versus Ryan O'Reilly in DETROIT Red Wings zone.
11:42 of 3rd period - Shot by Johan Larsson.
11:42 of 3rd period - Stopped by Carey Price with a rebound.
11:50 of 3rd period - Shot by Tanner Pearson.
11:50 of 3rd period - Shot Misses the Net.
11:57 of 3rd period - Icing by Rick Nash.
11:58 of 3rd period - Ryan O'Reilly wins face-off versus Jordan Nolan in DETROIT Red Wings zone.
12:07 of 3rd period - Shot by Evander Kane.
12:07 of 3rd period - Shot Misses the Net.
12:15 of 3rd period - Shot by Rick Nash.
12:15 of 3rd period - Stopped by Ondrej Pavelec with a rebound.
13:31 of 3rd period - Shot by Zach Hyman.
13:31 of 3rd period - Shot Misses the Net.
14:07 of 3rd period - Shot by Sidney Crosby.
14:07 of 3rd period - Goal by Sidney Crosby - DETROIT Red Wings : 3 - PITTSBURGH Penguins : 1.
14:08 of 3rd period - Brian Boyle wins face-off versus Derek MacKenzie in neutral zone.
14:26 of 3rd period - Off-side.
14:27 of 3rd period - Jordan Nolan wins face-off versus Sidney Crosby in neutral zone.
14:27 of 3rd period - Jordan Nolan is hit by Evgeny Kuznetsov.
14:38 of 3rd period - Shot by T.J. Oshie.
14:38 of 3rd period - Deflect By Evgeny Kuznetsov.
14:38 of 3rd period - Stopped by Ondrej Pavelec with a rebound.
16:48 of 3rd period - Shot by Jake Guentzel.
16:48 of 3rd period - Shot Misses the Net.
17:02 of 3rd period - Shot by Evgeni Malkin.
17:02 of 3rd period - Shot Blocked by Lars Eller.
17:19 of 3rd period - Shot by Patrik Laine.
17:19 of 3rd period - Shot Misses the Net.
17:59 of 3rd period - Shot by Derek MacKenzie.
17:59 of 3rd period - Stopped by Ondrej Pavelec without a rebound.
18:00 of 3rd period - Brian Boyle wins face-off versus Sidney Crosby in PITTSBURGH Penguins zone.
18:42 of 3rd period - Shot by Patrik Laine.
18:42 of 3rd period - Goal by Patrik Laine - DETROIT Red Wings : 3 - PITTSBURGH Penguins : 2.
18:43 of 3rd period - Ryan O'Reilly wins face-off versus Evgeni Malkin in neutral zone.
18:45 of 3rd period - Off-side.
18:46 of 3rd period - Dustin Brown wins face-off versus Lars Eller in neutral zone.
19:01 of 3rd period - PITTSBURGH Penguins, Ondrej Pavelec is pulled from the net.
19:05 of 3rd period - Shot by Dustin Brown.
19:05 of 3rd period - Stopped by Carey Price without a rebound.
19:06 of 3rd period - Ryan O'Reilly wins face-off versus Evgeni Malkin in DETROIT Red Wings zone.
19:15 of 3rd period - Shot by Evgeni Malkin.
19:15 of 3rd period - Stopped by Carey Price without a rebound.
19:16 of 3rd period - Dustin Brown wins face-off versus Ryan O'Reilly in DETROIT Red Wings zone.
19:43 of 3rd period - Zach Hyman is hit by Dustin Brown and loses puck.
19:49 of 3rd period - Off-side.
19:50 of 3rd period - Evgeni Malkin wins face-off versus Ryan O'Reilly in neutral zone.
Goals for this period are 1 for DETROIT Red Wings vs 1 for PITTSBURGH Penguins.
Shots for this period are 6 for DETROIT Red Wings vs 10 for PITTSBURGH Penguins.